 Dungeon Crawl Stone Soup version 0.31-a0-446-g07c4bd200f (webtiles) character file.

Game seed: 6697506339034563664

784 MacCMillion the Ruffian (level 7, -1/61 HPs)
             Began as a Purple Draconian Shapeshifter on Aug 3, 2023.
             Slain by Pikel
             ... wielding a +2 whip of freezing
              (2 damage)
             ... on level 4 of the Dungeon.
             The game lasted 00:07:22 (4634 turns).

MacCMillion the Ruffian (DrSh)                      Turns: 4634, Time: 00:07:22

Health: -1/61      AC:  6    Str: 19    XL:     7   Next: 55%
Magic:  7/7        EV: 12    Int:  9    God:
Gold:   191        SH:  0    Dex: 11    Spells: 6/6 levels left

rFire   . .          .
                       - Unarmed
rCold   . . .        (no shield)
rNeg    . . .        (body armour unavailable)
rPois   .            (helmet currently unavailable)
rElec   .            (cloak currently unavailable)
rCorr   .            (gloves currently unavailable)
SInv    .            (boots currently unavailable)
Will    +....        s - amulet of the acrobat
Stlth   +            (no ring)
HPRegen 0.30/turn    (no ring)
MPRegen 0.10/turn

%: acrobat
@: beast-form, slowed, very slow
A: beast (slay +2), breathe power, AC +6, unfitting armour, cold-blooded
a: Breathe Dispelling Energy, Begin Untransformation


You were on level 4 of the Dungeon.
You were a hulking beast.
You visited 1 branch of the dungeon, and saw 4 of its levels.
You also visited: Sewer.

You collected 191 gold pieces.

Inventory:

Missiles
 j - 11 poisoned darts (quivered)
Armour
 v - a +0 buckler
Jewellery
 s - an amulet of the acrobat (around neck)
Talismans
 b - a beast talisman (active)
 c - a maw talisman
Wands
 m - a wand of flame (14)
 q - a wand of iceblast (7)
Scrolls
 f - 6 scrolls of identify {unknown}
 g - a scroll of enchant weapon {unknown}
 h - a scroll of revelation {unknown}
 i - a scroll of acquirement {unknown}
 l - a scroll of teleportation {unknown}
 p - a scroll of blinking {unknown}
 u - a scroll of noise {unknown}
 w - a scroll of poison {unknown}
Potions
 a - 2 potions of lignification
 d - a potion of might {unknown}
 e - a potion of enlightenment {unknown}
 k - a potion of attraction {unknown}
 n - 2 potions of resistance {unknown}
 o - a potion of brilliance {unknown}
 t - a potion of mutation {unknown}
Miscellaneous
 r - a lightning rod (4/4)


   Skills:
 + Level 5.3 Fighting
 - Level 1.7 Dodging
 * Level 7.5 Unarmed Combat
 - Level 3.0 Shapeshifting


You had 6 spell levels left.
You didn't know any spells.
Your spell library contained the following spells:

 Spells                   Type           Power      Damage    Failure   Level
 Necrotise                Necr           0%         1d4       38%         1
 Lesser Beckoning         Tloc           0%         N/A       52%         2
 Gell's Gravitas          Tloc           0%         N/A       77%         3
 Teleport Other           Tloc           0%         N/A       77%         3
 Vampiric Draining        Necr           0%         2d6       77%         3
 Olgreb's Toxic Radiance  Pois           0%         N/A       99%         4
 Agony                    Necr           0%         N/A       100%        5
 Discord                  Hex            0%         N/A       100%        8
 Ignition                 Fire           0%         3d3       100%        8


Dungeon Overview and Level Annotations

Branches:
Dungeon (4/15)              Sewer (visited)
 Temple: D:4-7

Altars:
Wu Jian
The Shining One

Shops:
D:1 =

Annotations:
D:3 1 exclusion
D:4 Pikel


Innate Abilities, Weirdness & Mutations

You are a hulking beast.
Your limbs bulge with bestial killing power. (Slay +2)
You can breathe bolts of dispelling energy.
Your rich purple scales are hard. (AC +6)
You cannot fit into any form of body armour.
You are cold-blooded and may be slowed by cold attacks.


Message History

Pikel is lightly wounded.
The lemure hits you!
Pikel hits you with a +2 whip of freezing!
You feel as though you will be slow longer.
Pikel freezes you.
You are too injured to fight recklessly!
You are too injured to fight recklessly!
You are too injured to fight recklessly!
You closely miss Pikel.
Your tail-slap misses Pikel.
Pikel is lightly wounded.
The lemure hits you but does no damage. Pikel completely misses you.
Pikel closely misses you. The lemure closely misses you.
You punch Pikel!
Your tail-slap misses Pikel.
Pikel is lightly wounded.
Pikel hits you with a +2 whip of freezing.
Pikel freezes you. The lemure hits you.
You hit Pikel but do no damage.
Pikel is lightly wounded.
Pikel hits you with a +2 whip of freezing.
* * * LOW HITPOINT WARNING * * *
Pikel freezes you.
* * * LOW HITPOINT WARNING * * *
The lemure hits you but does no damage.
You hit Pikel.
Pikel is moderately wounded.
The lemure misses you. Pikel hits you but does no damage.
Pikel hits you with a +2 whip of freezing.
* * * LOW HITPOINT WARNING * * *
You feel as though you will be slow longer.
Pikel freezes you.
* * * LOW HITPOINT WARNING * * *
The lemure hits you.
* * * LOW HITPOINT WARNING * * *
You hit Pikel but do no damage.
Pikel is moderately wounded.
Pikel hits you with a +2 whip of freezing.
* * * LOW HITPOINT WARNING * * *
You feel as though you will be slow longer.
Pikel freezes you.
You die...

.................................
....).)..#.......................
......####.#.########............
....#...##.#.# #..###........
...####.##.#.#######.## #........
...# .##.#.#.......####........
...## ...#.#.##................
)#..#####....#.<).##.....#.......
.##..#.........Kh................
. ##.#.........5.................
#).#.†.............).............
#...............###....†........
#####..........## #.............
##...........# #.....#.......
#............# #.....##......
##.#.......... ...........#####
#..#.#####... ...######### #


You could see Pikel and a lemure.

Vanquished Creatures
  An acid dragon (D:3)
  A black bear (D:4)
  3 lemures
  2 bullfrogs (Sewer)
  A scorpion (D:4)
  A jelly (D:4)
  2 iguanas
  Jessica (D:3)
  Natasha (twice) (D:4 D:3)
  An orc wizard (D:4)
  7 adders
  3 gnolls
  An ufetubus (D:4)
  2 worms (D:3)
  2 dart slugs
  5 orcs
  7 endoplasms
  14 giant cockroaches
  4 goblins
  8 hobgoblins
  8 jackals
  8 kobolds
  2 quokkas (D:2)
  6 ball pythons
  3 bats
  11 frilled lizards
  10 rats
116 creatures vanquished.

Notes
Turn   | Place    | Note
-------+----------+-------------------------------------------
     0 | D:1      | MacCMillion the Draconian Shapeshifter began the quest for
                  | the Orb.
     0 | D:1      | Reached XP level 1. HP: 16/16 MP: 1/1
   309 | D:1      | Reached XP level 2. HP: 23/23 MP: 2/2
   313 | D:1      | Found Wyomuxi's Jewellery Shop.
   494 | D:1      | Reached XP level 3. HP: 29/29 MP: 3/3
   856 | D:2      | Reached skill level 4 in Unarmed Combat
  1045 | D:2      | Reached XP level 4. HP: 37/37 MP: 4/4
  1495 | D:2      | Found a faded altar of an unknown god.
  2156 | D:3      | Reached skill level 5 in Unarmed Combat
  2156 | D:3      | Reached XP level 5. HP: 37/45 MP: 5/5
  2190 | D:3      | Found a glowing drain.
  2199 | Sewer    | Entered a sewer
  2750 | Sewer    | Reached skill level 6 in Unarmed Combat
  2750 | Sewer    | Reached XP level 6. HP: 11/52 MP: 6/6
  3139 | D:3      | Found a glowing golden altar of the Shining One.
  3140 | D:3      | Noticed Jessica
  3223 | D:3      | Killed Jessica
  3642 | D:4      | Noticed an acid dragon
  3654 | D:3      | Killed an acid dragon
  3933 | D:4      | Your scales start taking on a rich purple colour.
  3933 | D:4      | Reached XP level 7. HP: 50/60 MP: 7/7
  4027 | D:4      | Reached skill level 5 in Fighting
  4027 | D:4      | Reached skill level 7 in Unarmed Combat
  4221 | D:4      | Noticed Natasha
  4230 | D:4      | Killed Natasha
  4264 | D:4      | Noticed Pikel
  4308 | D:4      | Noticed Natasha
  4421 | D:3      | Killed Natasha
  4570 | D:4      | Found an ornate altar of the Wu Jian Council.
  4634 | D:4      | HP: 1/61 [Pikel/+2 whip of freezing (6)]
  4634 | D:4      | Slain by Pikel

Illustrated notes

Levels and vault maps discovered:
D:1:      minmay_arrival_up_and_down, layout_basic, serial_shops,
          nicolae_shop_hallway_stairs
D:2:      layout_loops_ring, hellmonk_ecumenical_altar_inner_sanctum,
          st_stairs_2
D:3:      layout_loops_ring, mainiacjoe_overflow_concentric_impassable,
          portal_sewer_entry_d, chequers_serial_rivers_small_3, uniq_jessica
D:4:      layout_rooms, nicolae_wu_jian_glorious_leap, uniq_pikel, uniq_natasha

Skill      XL: |  1  2  3  4  5  6  7 |
---------------+----------------------+-----
Fighting       | 2 3 4 5 |  5.3
Unarmed Combat | 4 5 6 7 |  7.5
Dodging        | |  1.7
Shapeshifting  | |  3.0

Action                     |  1- 3 |  4- 6 |  7- 9 || total
---------------------------+-------+-------+-------++-------
  Melee: Unarmed           |    81 |   185 |    82 ||   348
         Tailslap          |    14 |    19 |    10 ||    43
         Punch             |     3 |     2 |     2 ||     7
  Throw: Dart              |       |     1 |       ||     1
   Stab: Sleeping          |       |     1 |       ||     1
 Armour: Skin              |    11 |    59 |    25 ||    95
  Dodge: Dodged            |    44 |   106 |    48 ||   198

Table legend: (Time is in decaauts)
 A = Elapsed time spent in this place.
 B = Non-inter-level travel time spent in this place.
 C = Inter-level travel time spent in this place.
 D = Time resting spent in this place.
 E = Time spent auto-exploring this place.
 F = Levels seen in this place.
 G = Mean time per level.
                   A        B        C        D        E       F      G
               +--------+--------+--------+--------+--------+-----+--------+
         Total |   4710 |   4576 |    134 |   1480 |   1816 |   5 |  942.0 |
       Dungeon |   3744 |   3610 |    134 |   1071 |   1692 |   4 |  936.0 |
         Sewer |    965 |    965 |      0 |    409 |    124 |   1 |  965.0 |
               +--------+--------+--------+--------+--------+-----+--------+

Top non-repeatable levels by time:
     D:3: 1142 daAuts
     D:2: 1004 daAuts
   Sewer: 965 daAuts
     D:1: 894 daAuts
     D:4: 702 daAuts
